 Dungeon Crawl Stone Soup version 0.18.1-47-g9310371 (webtiles) character file.

607846 rockintein the Axe Maniac (level 25, -17/229 HPs)
             Began as a Minotaur Berserker on June 18, 2016.
             Was a Believer of the Shining One.
             Demolished by a juggernaut (37 damage)
             ... on level 4 of the Depths.
             The game lasted 02:52:47 (67029 turns).

rockintein the Axe Maniac (Minotaur Berserker)     Turns: 67029, Time: 02:52:47

Health: -17/229    AC: 47    Str: 40      XL:     25   Next: 54%
Magic:  21/22      EV: 19    Int:  6 (8)  God:    the Shining One [**....]
Gold:   5441       SH: 16    Dex: 11      Spells: 0 memorised, 24 levels left

rFire  + + .     SeeInvis +     w - +7 hand axe of Optimality {chop, rC++ rN+ SInv}
rCold  + + +     Gourm    .     B - +3 gold dragon armour
rNeg   + + +     Faith    .     d - +1 buckler of Bitterness {rC+ Regen+ Int+4}
rPois  +         Spirit   .     T - +2 hat {MR+}
rElec  +         Dismiss  .     V - +2 cloak of Starlight {rElec rC+ EV+4 Stlth--}
rCorr  .         Reflect  .     z - +2 pair of gloves {Str+3}
SustAt .         Harm     .     K - +2 pair of boots {run}
MR     +++++     Clarity  +     E - amulet of the Four Winds {rN+ MR+++ Clar}
Stlth  ..........               C - ring of the Octopus King {rF+ AC+1 EV+1 Str+1 Int+1 Dex+1}
                                v - ring "Elutah" {rN+ Str+6 Int-3 SInv Stlth+}

@: divine shield, flayed, glowing, studying Invocations, quick, almost entirely
resistant to hostile enchantments, extremely unstealthy
A: retaliatory headbutt, horns 2, talons 1, iridescent scales 1, berserk 1,
blurry vision 1, clumsy 1, frail 1, screaming 1, MP-powered wands
a: Divine Shield, Renounce Religion
}: 5/15 runes: decaying, serpentine, slimy, silver, abyssal


You were on level 4 of the Depths.
You worshipped the Shining One.
The Shining One was pleased with you.
You were not hungry.

You visited 10 branches of the dungeon, and saw 52 of its levels.
You visited the Abyss 3 times.
You also visited: Ice Cave and Wizlab.

You collected 7544 gold pieces.
You spent 2103 gold pieces at shops.

Inventory:

Hand Weapons
 q - a +9 broad axe of flaming
 w - the +7 hand axe of Optimality (weapon) {chop, rC++ rN+ SInv}
   (You found it on level 6 of the Pits of Slime)

   It inflicts extra damage upon your enemies.
   It greatly protects you from cold.
   It protects you from negative energy.
   It lets you see invisible.
Armour
 d - the +1 buckler of Bitterness (worn) {rC+ Regen+ Int+4}
   (You bought it in a shop on level 2 of the Orcish Mines)

   It affects your intelligence (+4).
   It protects you from cold.
   It increases your rate of regeneration.
 z - a +2 pair of gloves of strength (worn)
 B - a +3 gold dragon armour (worn)
 K - a +2 pair of boots of running (worn)
 T - a +2 hat of magic resistance (worn)
 V - the +2 cloak of Starlight (worn) {rElec rC+ EV+4 Stlth--}
   (You acquired it on level 5 of the Vaults)

   It affects your evasion (+4).
   It protects you from cold.
   It insulates you from electricity.
   It makes you much less stealthy.
Jewellery
 v - the ring "Elutah" (left hand) {rN+ Str+6 Int-3 SInv Stlth+}
   (You found it on level 7 of the Dungeon)

   [ring of positive energy]

   It affects your strength (+6).
   It affects your intelligence (-3).
   It protects you from negative energy.
   It lets you see invisible.
   It makes you more stealthy.
 C - a ring of the Octopus King (right hand) {rF+ AC+1 EV+1 Str+1 Int+1 Dex+1}
   (You took it off a deep elf master archer on level 2 of the Elven Halls)

   [ring of protection from fire]

   It affects your AC (+1).
   It affects your evasion (+1).
   It affects your strength (+1).
   It affects your intelligence (+1).
   It affects your dexterity (+1).
   It protects you from fire.
 E - the amulet of the Four Winds (around neck) {rN+ MR+++ Clar}
   (You found it on level 5 of the Vaults)

   [amulet of nothing]

   It protects you from negative energy.
   It affects your resistance to hostile enchantments.
   It protects you against confusion.
Wands
 i - a wand of hasting (8/9)
 j - a wand of digging (7/24)
 A - a wand of teleportation (8/9)
 G - a wand of slowing (20/48)
 I - a wand of disintegration (18/24)
Scrolls
 a - 19 scrolls of remove curse
 b - 6 scrolls of magic mapping
 f - a scroll of amnesia
 g - 16 scrolls of teleportation
 k - a scroll of silence
 p - 9 scrolls of fear
 r - a scroll of brand weapon
 s - 9 scrolls of identify
 x - 6 scrolls of fog
 y - 13 scrolls of blinking
Potions
 e - 6 potions of heal wounds
 h - 8 potions of cancellation
 l - 19 potions of curing
 n - a potion of ambrosia
 o - 7 potions of haste
 t - 12 potions of flight
 O - 2 potions of resistance
 P - 11 potions of might
Books
 u - a Grand Grimoire

   Spells                             Type                      Level
   a - Monstrous Menagerie            Summoning                    7
   b - Summon Greater Demon           Summoning                    7
   c - Malign Gateway                 Summoning/Translocation      7
   d - Summon Horrible Things         Summoning                    8
 M - a manual of Invocations
Comestibles
 c - 25 bread rations
 m - 2 beef jerkies
 D - 2 slices of pizza
 F - 5 chunks of flesh


   Skills:
 + Level 26.9 Fighting
 O Level 27 Axes
 + Level 23.8 Armour
 - Level 14.6 Dodging
 + Level 20.4 Shields
 * Level 1.1 Invocations


You had 24 spell levels left.
You didn't know any spells.

Dungeon Overview and Level Annotations

Branches:
Dungeon (15/15)            Temple (1/1) D:4            Lair (8/8) D:10
  Swamp (4/4) Lair:4        Snake (4/4) Lair:3        Slime (6/6) Lair:8
    Orc (2/2) D:11            Elf (3/3) Orc:2        Vaults (5/5) D:13
  Crypt (0/3) Vaults:3     Depths (4/5) D:15

Altars:
Ashenzari
Cheibriados
Dithmenos
Elyvilon
Fedhas
Gozag
Kikubaaqudgha
Makhleb
Nemelex Xobeh
Okawaru
Pakellas
Qazlal
Ru
Sif Muna
Trog
Vehumet
Xom
Yredelemnul
Zin
The Shining One
Jiyva

Shops:
D:7 :   D:9 [([}?   D:11 (   D:12 %   Orc:1 %   Orc:2 =*!!   Elf:1 (   Elf:3 :
Depths:1 *

Portals:
Hell: Depths:1 Depths:2 Depths:3
Pandemonium: Depths:3
Ziggurat: Depths:1
Trove: D:10 (give +6 ice dragon armour)


Innate Abilities, Weirdness & Mutations

You reflexively headbutt those who attack you in melee.
You have a pair of horns on your head.
You have sharp toenails.
You are partially covered in iridescent scales (AC +4).
You tend to lose your temper in combat.
Scrolls take you a little longer to read.
You are clumsy. (Dex -2)
You are frail (-10% HP).
You occasionally shout uncontrollably at your foes.
You expend magic power (3 MP) to strengthen your wands.


Message History

You slash the juggernaut!
The juggernaut is moderately wounded.
You slash the frost giant!
The frost giant is almost dead.
The flayed ghost cries, "Feel what I felt!"
Terrible wounds spread across more of your body!
* * * LOW HITPOINT WARNING * * *
You shout at the slime creature!
A slime creature comes into view.
Drink which item? (? for menu, Esc to quit)
You feel better.
The slime creature quivers.
You hear a roar!
The giant orange brain pulsates.
Something tries to feed on your intellect!
The spriggan air mage waves its arms in wide circles.
The air twists around and strikes you!
* * * LOW HITPOINT WARNING * * *
The juggernaut hits you!!!
You die...

#.............#
####........###
#........####
##...........#
.............#
..............#
...........####
.###........#
#...C@WD.#
#....Ci.....#
......CT........
......G.........
.......#.....#..
...###.#.###.#.#
.(. ..#.. J# ..
#..... $


You could see a juggernaut, a frost giant, a fire giant, a quicksilver dragon, a
slime creature, a flayed ghost, a giant orange brain, a spriggan air mage and a
deep troll shaman.

Vanquished Creatures
  2 ancient liches
  Mara (Swamp:3)
  Mennas (Depths:3)
  the Lernaean hydra (Swamp:3)
  Vashnia (Snake:3)
  4 golden dragons
  A hellephant (Abyss:2)
  3 tentacled monstrosities
  4 liches
  2 deep elf master archers
  3 deep elf blademasters
  3 titans
  2 quicksilver dragons
  5 thorn hunters
  2 tentacled starspawn (Abyss:5)
  An ancient champion (WizLab)
  26 acid blobs
  Gastronok (D:12)
  3 storm dragons
  6 tengu reavers
  Roxanne (Swamp:4)
  10 azure jellies
  6 fire giants
  7 shadow dragons
  10 greater nagas
  22 vault wardens
  3 iron dragons
  4 frost giants
  8 deep elf sorcerers
  A balrug (Depths:2)
  Aizul (Snake:1)
  An orc warlord (Vaults:5)
  3 deep elf elementalists
  A reaper (Depths:2)
  20 ironheart preservers
  2 war gargoyles (Vaults:5)
  15 stone giants
  2 vampire knights
  20 very ugly things
  Nessos (Lair:8)
  9 deep elf demonologists
  5 salamander stormcallers
  11 deep elf annihilators
  A dire elephant (Lair:8)
  The ghost of juanjsm the Unseen, a journeyman SpEn of Okawaru (D:13)
  7 large abominations
  A blizzard demon (Depths:2)
  41 vault guards
  7 ettins
  Josephine (D:12)
  10 deep elf death magi
  10 death oozes
  3 fire dragons
  5 rakshasas
  23 ogre magi
  6 deep elf high priests
  Fannar (Orc:1)
  12 great orbs of eyes
  7 yaktaur captains
  3 ice dragons
  2 spriggan air magi (Depths:2)
  21 naga warriors
  A hell beast (Depths:3)
  An entropy weaver (Vaults:3)
  11 centaur warriors
  23 hydras
  A ghost crab (Swamp:4)
  6 death knights
  A juggernaut simulacrum (Depths:2)
  A catoblepas (Lair:8)
  5 death yaks (Lair:8)
  The ghost of KrisztiCat the Thaumaturge, a journeyman GrEE of Vehumet (Lair:3)
  9 anacondas
  5 deep troll earth magi
  A hell hog (Depths:2)
  6 alligators
  28 dancing weapons
  A vampire mage (Depths:1)
  3 deep troll shamans
  12 naga sharpshooters
  17 tengu warriors
  8 shock serpents
  An orc high priest (Elf:3)
  9 spriggans
  4 spriggan berserkers (Depths:2)
  5 soul eaters
  2 fire crabs (Vaults:3)
  3 sun demons (Depths:2)
  Sonja (Lair:2)
  10 hell knights
  23 deep elf knights
  2 iron trolls
  17 skeletal warriors
  2 salamander mystics
  3 wretched stars (Abyss:5)
  A death drake (Abyss:5)
  A death drake (shapeshifter) (Depths:2)
  A spatial maelstrom (Abyss:2)
  An unseen horror (shapeshifter) (Vaults:3)
  10 naga ritualists
  7 unseen horrors
  7 flayed ghosts
  8 swamp dragons
  A shambling mangrove (Swamp:3)
  5 spriggan druids
  10 deep trolls
  3 giant orange brains
  A lindwurm (shapeshifter) (Vaults:1)
  2 wizards
  20 ironbrand convokers
  4 harpies (Vaults:4)
  An obsidian statue (Depths:3)
  Pikel (D:9)
  3 phantasmal warriors
  8 hill giants
  15 deep elf archers
  A harpy (shapeshifter) (Vaults:3)
  6 necromancers
  12 mana vipers
  A tengu zombie (Vaults:3)
  6 orc sorcerers
  3 wolf spiders
  77 deep elf magi
  A manticore (shapeshifter) (Depths:3)
  A wolf spider (shapeshifter) (D:15)
  6 griffons
  10 salamanders
  A human zombie (Vaults:3)
  8 orc knights
  7 shining eyes
  2 salamanders (shapeshifter)
  The ghost of daning the Slasher, a novice HESk of Okawaru (D:7)
  34 ugly things
  7 cyclopes
  44 black mambas
  10 guardian serpents
  4 hornets
  A black mamba (shapeshifter) (Vaults:4)
  9 elephants
  21 vault sentinels
  6 ice statues
  2 orange demons (Depths:3)
  4 eyes of devastation
  2 smoke demons
  A spiny frog (shapeshifter) (D:15)
  3 octopodes (shapeshifter)
  8 rust devils (Depths:2)
  20 naga magi
  A gargoyle (D:14)
  A torpor snail (Lair:6)
  An iron giant simulacrum (Depths:2)
  22 spiny frogs
  A rime drake (shapeshifter) (D:15)
  2 centaur skeletons
  2 rime drakes
  11 komodo dragons
  3 kobold demonologists
  A spark wasp simulacrum (Depths:2)
  2 efreet (Depths:2)
  12 ice devils
  9 freezing wraiths
  2 queen bees
  An ancient zyme (Abyss:5)
  46 yaktaurs
  A ghost moth simulacrum (Abyss:5)
  2 jumping spiders
  A jumping spider (shapeshifter) (Vaults:3)
  A troll (shapeshifter) (Vaults:5)
  6 red devils
  A shadow dragon simulacrum (Vaults:3)
  5 giant leeches
  6 polar bears
  Grinder (D:3)
  7 raiju
  A two-headed ogre (shapeshifter) (Vaults:5)
  2 bog bodies (Swamp:1)
  3 tengu conjurers
  39 two-headed ogres
  90 slime creatures
  3 boulder beetles
  8 trolls
  26 blink frogs
  7 air elementals
  3 water elementals
  9 wraiths
  A flying skull (Depths:3)
  A tarantella (shapeshifter) (Vaults:3)
  7 redbacks
  A tarantella (Vaults:4)
  4 wyverns
  An ettin skeleton (Vaults:3)
  A spriggan (shapeshifter) (D:15)
  9 shadows
  51 yaks
  6 vampires
  A hill giant zombie (WizLab)
  A redback (shapeshifter) (Vaults:3)
  A basilisk (shapeshifter) (Vaults:1)
  A fire elemental (Elf:1)
  14 golden eyes
  A hungry ghost (D:10)
  6 small abominations
  6 hippogriffs
  6 basilisks
  A hippogriff (shapeshifter) (Depths:2)
  30 vampire mosquitoes
  A chaos spawn (Abyss:5)
  5 insubstantial wisps (Swamp:1)
  73 nagas
  16 swamp worms
  A mottled dragon (D:15)
  6 wargs
  3 soldier ants
  A soldier ant (shapeshifter) (Vaults:2)
  A deep troll zombie (Vaults:3)
  A hell hound (Depths:2)
  Duvessa (D:7)
  17 water moccasins
  A giant eyeball (Depths:4)
  17 porcupines
  6 black bears
  A deep troll skeleton (Vaults:3)
  6 ice beasts
  3 sky beasts
  10 swamp drakes
  A phantom (D:8)
  14 wasps
  84 ogres
  4 slaves (D:9)
  A spriggan simulacrum (Depths:2)
  27 orc warriors
  6 boggarts
  8 eyes of draining
  31 wolves
  5 centaurs
  2 big kobolds
  12 crocodiles
  20 giant frogs
  An earth elemental (Elf:1)
  A glowing shapeshifter simulacrum (Depths:2)
  A human skeleton (Vaults:3)
  Dowan (D:7)
  A wyvern skeleton (D:14)
  5 scorpions
  A boulder beetle zombie (Vaults:3)
  A human simulacrum (Vaults:3)
  49 killer bees
  7 troll zombies (WizLab)
  9 wights
  7 electric eels
  6 crimson imps
  A quasit (D:7)
  6 centaur zombies
  4 draconian simulacra (IceCv)
  A wasp zombie (D:14)
  4 giant frog skeletons
  33 jellies
  20 orc priests
  18 hounds
  3 iron imps (Depths:3)
  Jessica (D:3)
  10 iguanas
  26 orc wizards
  3 troll simulacra (IceCv)
  10 worker ants
  22 sheep
  4 centaur simulacra
  3 ogre zombies (WizLab)
  A hound skeleton (D:11)
  A killer bee simulacrum (D:10)
  A worker ant zombie (D:5)
  11 adders
  4 gnolls (D:3)
  47 river rats
  An ogre simulacrum (IceCv)
  A shadow imp (Depths:3)
  20 white imps
  2 ufetubi (D:10)
  2 oozes (D:2)
  5 worms
  2 adder skeletons
  4 dart slugs
  8 giant geckos
  72 orcs
  5 giant cockroaches
  14 goblins
  8 hobgoblins
  7 jackals
  4 quokkas
  7 bats
  2 giant newts
  20 kobolds
  4 rats
  25 briar patches
  A crawling corpse (Vaults:5)
  A fire vortex (Depths:2)
  A fulminant prism (D:13)
  5 fungi
  A lurking horror (Abyss:5)
  17 plants
  A starspawn tentacle (Abyss:5)
2487 creatures vanquished.

Vanquished Creatures (collateral kills)
  the Royal Jelly (Slime:6)
1 creature vanquished.

Vanquished Creatures (others)
  A tengu reaver (Vaults:3)
  A deep elf mage (Vaults:3)
  A yaktaur (Vaults:3)
  A rime drake (Lair:6)
  A flying skull (Depths:2)
  A killer bee (Abyss:5)
  A white imp (D:10)
  2 briar patches
  A bush (Lair:8)
  4 fungi
  5 plants
  7 starspawn tentacles (Abyss:5)
  17 starspawn tentacle segments (Abyss:5)
43 creatures vanquished.

Grand Total: 2531 creatures vanquished

Notes
Turn   | Place    | Note
--------------------------------------------------------------
     0 | D:1      | rockintein the Minotaur Berserker began the quest for the Orb.
     0 | D:1      | Reached XP level 1. HP: 19/19 MP: 0/0
    49 | D:1      | Reached skill level 4 in Axes
    77 | D:1      | Reached XP level 2. HP: 27/27 MP: 1/1
   469 | D:1      | Reached ** piety under Trog
   469 | D:1      | Reached XP level 3. HP: 33/33 MP: 2/2
  1705 | D:2      | Reached XP level 4. HP: 32/40 MP: 3/3
  1755 | D:2      | Reached skill level 5 in Axes
  2508 | D:3      | Noticed Grinder
  2522 | D:3      | Killed Grinder
  2522 | D:3      | Reached skill level 5 in Fighting
  2522 | D:3      | Reached skill level 6 in Axes
  2522 | D:3      | Reached XP level 5. HP: 48/48 MP: 4/4
  2522 | D:3      | Reached XP level 6. HP: 56/56 MP: 5/5
  2523 | D:3      | Noticed Jessica
  2531 | D:3      | Killed Jessica
  2713 | D:3      | Reached skill level 5 in Armour
  2963 | D:3      | Reached *** piety under Trog
  3221 | D:4      | Found a staircase to the Ecumenical Temple.
  3332 | D:4      | Reached skill level 7 in Axes
  3361 | D:4      | Reached XP level 7. HP: 59/61 MP: 6/6
  3766 | D:4      | Reached skill level 8 in Axes
  3912 | D:5      | Entered Level 5 of the Dungeon
  3912 | D:5      | Found a snail-covered altar of Cheibriados.
  4060 | D:5      | Found an ancient bone altar of Kikubaaqudgha.
  4437 | D:5      | Reached XP level 8. HP: 67/71 MP: 7/7
  4653 | D:5      | Got a bloodstained hand axe
  4654 | D:5      | Identified the +9 hand axe of Pauruhiy {chop, rC+++} (You found it on level 5 of the Dungeon)
  5161 | D:6      | Found an oddly glowing altar of Pakellas.
  5182 | D:6      | Reached skill level 9 in Axes
  5339 | D:6      | Reached **** piety under Trog
  5373 | D:6      | Found a sparkling altar of Nemelex Xobeh.
  5658 | D:6      | Found an iron altar of Okawaru.
  5658 | D:6      | Found a deep blue altar of Sif Muna.
  5715 | D:7      | Found a glowing silver altar of Zin.
  5722 | D:7      | Reached skill level 10 in Axes
  5748 | D:7      | Found Edyi's Book Shoppe.
  5804 | D:7      | Reached XP level 9. HP: 74/80 MP: 8/8
  5816 | D:7      | Noticed daning's ghost (novice HESk)
  5834 | D:7      | Killed daning's ghost
  5910 | D:7      | Reached skill level 11 in Axes
  5939 | D:7      | Got a coiled turquoise ring
  6131 | D:7      | Identified the ring "Elutah" {rN+ Str+6 Int-3 SInv Stlth+} (You found it on level 7 of the Dungeon)
  6143 | D:7      | Found a bloodstained altar of Trog.
  6173 | D:7      | Noticed Duvessa
  6173 | D:7      | Noticed Dowan
  6177 | D:7      | Killed Duvessa
  6178 | D:7      | Killed Dowan
  6814 | D:8      | Found a snail-covered altar of Cheibriados.
  7428 | D:8      | Lost intelligence.
  7510 | D:9      | Found Giriqev's Weapon Shop.
  7659 | D:9      | Found a white marble altar of Elyvilon.
  7671 | D:9      | Found Giemec's Antique Armour Shoppe.
  7677 | D:9      | Bought a pair of embroidered gloves for 121 gold pieces
  7734 | D:9      | Noticed Pikel
  7758 | D:9      | Killed Pikel
  7758 | D:9      | Reached skill level 12 in Axes
  8003 | D:9      | Found Ruipy's Armour Boutique.
  8011 | D:9      | Bought a +2 pair of gloves of strength for 215 gold pieces
  8168 | D:9      | Found Fotiss's Gadget Shop.
  8172 | D:9      | Found Beytutirr's Magic Scroll Boutique.
  8222 | D:9      | Reached XP level 10. HP: 91/91 MP: 9/9
  8354 | D:10     | Entered Level 10 of the Dungeon
  8456 | D:10     | Found a staircase to the Lair.
  8531 | D:10     | Reached skill level 13 in Axes
  9087 | D:10     | Got a steaming hand axe
  9251 | D:10     | Reached skill level 10 in Armour
  9271 | D:10     | Reached skill level 10 in Fighting
  9312 | D:10     | Identified the +6 hand axe "Riugadaq" {venom, *Noise MP+9 Dex+3} (You found it on level 10 of the Dungeon)
  9490 | D:10     | Found a portal to a secret trove of treasure.
  9636 | D:10     | HP: 4/94 [electric eel/bolt of electricity (15)]
  9638 | D:10     | Reached skill level 14 in Axes
 10108 | D:11     | Noticed a hill giant
 10118 | D:11     | Killed a hill giant
 10118 | D:11     | Reached XP level 11. HP: 101/101 MP: 10/10
 10234 | D:11     | Found Ninogy's Weapon Shop.
 10239 | D:11     | Reached ***** piety under Trog
 10342 | D:11     | Found an opulent altar of Gozag.
 10388 | D:11     | Found a staircase to the Orcish Mines.
 10638 | D:11     | Noticed an unseen horror
 10652 | D:11     | Killed an unseen horror
 10815 | D:11     | Noticed a hill giant
 10823 | D:11     | Killed a hill giant
 11016 | D:12     | Reached skill level 15 in Axes
 11374 | D:12     | Found Xajixuydgh's Food Emporium.
 11374 | D:12     | Noticed Josephine
 11374 | D:12     | Noticed Gastronok
 11377 | D:12     | Killed Josephine
 11394 | D:12     | Killed Gastronok
 11464 | D:12     | Noticed a green ugly thing
 11475 | D:12     | Killed a green ugly thing
 11475 | D:12     | Reached skill level 16 in Axes
 11499 | D:12     | Reached XP level 12. HP: 112/112 MP: 11/11
 11916 | Lair:1   | Entered Level 1 of the Lair of Beasts
 12601 | Lair:1   | Received a gift from Trog
 12888 | Lair:1   | Got a crude chain mail
 12889 | Lair:1   | Identified the +4 chain mail "Hulihit" {Dex-4 Slay+4} (You found it on level 1 of the Lair of Beasts)
 13680 | Lair:2   | Noticed Sonja
 13691 | Lair:2   | Killed Sonja
 13691 | Lair:2   | Reached skill level 17 in Axes
 14487 | Lair:2   | Reached XP level 13. HP: 111/122 MP: 12/12
 14940 | Lair:3   | Reached skill level 18 in Axes
 14945 | Lair:3   | Found a staircase to the Snake Pit.
 15025 | Lair:3   | Noticed KrisztiCat's ghost (journeyman GrEE)
 15056 | Lair:3   | Killed KrisztiCat's ghost
 15112 | Lair:3   | Found a frozen archway.
 15126 | Lair:3   | Reached ****** piety under Trog
 15126 | Lair:3   | Received a gift from Trog
 15163 | IceCv    | Entered an ice cave
 17635 | Lair:4   | Reached skill level 19 in Axes
 17709 | Lair:4   | Found a staircase to the Swamp.
 18351 | Lair:5   | Gained mutation: You are agile. (Dex +2) [potion of beneficial mutation]
 18353 | Lair:5   | Gained mutation: You are partially covered in iridescent scales (AC +4). [potion of mutation]
 18353 | Lair:5   | Gained mutation: You have sharp toenails. [potion of mutation]
 18353 | Lair:5   | Gained mutation: You regenerate slowly when monsters are visible. [potion of mutation]
 18622 | Lair:5   | Received a gift from Trog
 18625 | Lair:5   | Got a transparent battleaxe {god gift}
 18626 | Lair:5   | Identified the +11 battleaxe "Fusas" {distort, rC+} (Trog gifted it to you on level 5 of the Lair of Beasts)
 18749 | Lair:6   | Found a glowing silver altar of Zin.
 19531 | Lair:7   | Found an opulent altar of Gozag.
 19583 | Lair:7   | Reached XP level 14. HP: 122/133 MP: 13/13
 20610 | Lair:8   | Entered Level 8 of the Lair of Beasts
 20622 | Lair:8   | Received a gift from Trog
 20877 | Lair:8   | Reached skill level 20 in Axes
 20889 | Lair:8   | Found a staircase to the Slime Pits.
 20949 | Lair:8   | Received a gift from Trog
 20972 | Lair:8   | Reached skill level 15 in Armour
 21154 | Lair:8   | Got an ancient pewter ring
 21304 | Lair:8   | Reached skill level 15 in Fighting
 21941 | Lair:8   | Noticed Nessos
 21945 | Lair:8   | Killed Nessos
 22121 | Lair:8   | Got an encrusted morningstar
 22126 | Lair:8   | Identified the ring of Janibis {rC+ rN+ Dex-3 Slay+5} (You found it on level 8 of the Lair of Beasts)
 22128 | Lair:8   | Identified the +10 morningstar of Malaise {distort, Int+7 Dex+3 Stlth+} (You found it on level 8 of the Lair of Beasts)
 22521 | Temple   | Entered the Ecumenical Temple
 22762 | D:13     | Noticed juanjsm's ghost (journeyman SpEn)
 22782 | D:13     | Killed juanjsm's ghost
 22782 | D:13     | Reached skill level 1 in Shields
 23072 | D:13     | Found a gate to the Vaults.
 23084 | D:13     | Reached XP level 15. HP: 141/141 MP: 14/14
 23090 | D:13     | Reached skill level 21 in Axes
 23488 | D:13     | Received a gift from Trog
 24856 | D:14     | Reached skill level 5 in Shields
 24895 | D:15     | Entered Level 15 of the Dungeon
 24979 | D:15     | Received a gift from Trog
 25807 | D:15     | Found a staircase to the Depths.
 26100 | Swamp:1  | Entered Level 1 of the Swamp
 26232 | Swamp:1  | Noticed a thorn hunter
 26245 | Swamp:1  | Killed a thorn hunter
 26492 | Swamp:1  | Reached skill level 22 in Axes
 26498 | Swamp:1  | Reached XP level 16. HP: 107/152 MP: 15/15
 27280 | Swamp:2  | Noticed a thorn hunter
 27299 | Swamp:2  | Killed a thorn hunter
 27614 | Swamp:3  | Noticed a thorn hunter
 27635 | Swamp:3  | Killed a thorn hunter
 27850 | Swamp:3  | Noticed Mara
 27856 | Swamp:3  | Noticed rockintein's illusion
 28076 | Swamp:3  | Killed Mara
 28757 | Swamp:3  | Received a gift from Trog
 29081 | Swamp:4  | Entered Level 4 of the Swamp
 29545 | Swamp:4  | Got a steaming glaive
 30023 | Swamp:4  | Noticed a thorn hunter
 30035 | Swamp:4  | Killed a thorn hunter
 30318 | Swamp:4  | Noticed Roxanne
 30337 | Swamp:4  | Killed Roxanne
 30337 | Swamp:4  | Reached skill level 23 in Axes
 30339 | Swamp:4  | Identified Roxanne's Volume of the Mountains (You took it off Roxanne on level 4 of the Swamp)
 30369 | Swamp:4  | Noticed a thorn hunter
 30388 | Swamp:4  | Killed a thorn hunter
 30430 | Swamp:4  | Noticed the 27-headed Lernaean hydra
 30813 | Swamp:3  | Identified a scroll of acquirement
 30829 | Swamp:3  | Identified the +8 glaive of Articulation {flame, +Inv rC- MP+9 Str+7} (You found it on level 4 of the Swamp)
 31372 | Swamp:4  | Reached XP level 17. HP: 161/161 MP: 16/16
 31508 | Swamp:4  | Got a decaying rune of Zot
 31824 | Swamp:3  | Killed the 24-headed Lernaean hydra
 32549 | Snake:1  | Entered Level 1 of the Snake Pit
 33043 | Snake:1  | Received a gift from Trog
 33054 | Snake:1  | Got a crude hand axe {god gift}
 33058 | Snake:1  | Identified the +4 hand axe "Buatof" {antimagic, rN+ Int+4} (Trog gifted it to you on level 1 of the Snake Pit)
 33082 | Snake:1  | Reached skill level 10 in Shields
 33248 | Snake:1  | Noticed Aizul
 33262 | Snake:1  | Killed Aizul
 33337 | Snake:1  | Found a burning altar of Makhleb.
 34009 | Snake:2  | Got a warped morningstar
 34291 | Snake:2  | Received a gift from Trog
 34295 | Snake:2  | Got a slimy battleaxe {god gift}
 34391 | Snake:2  | Identified the +5 battleaxe of Toonnuk {holy, Int+3} (Trog gifted it to you on level 2 of the Snake Pit)
 34395 | Snake:2  | Identified the +4 morningstar of Disaster {flame, *Corrode MP+9 Dex+2} (You found it on level 2 of the Snake Pit)
 35274 | Snake:2  | Reached skill level 24 in Axes
 36221 | Snake:3  | Reached XP level 18. HP: 172/172 MP: 17/17
 36227 | Snake:3  | Received a gift from Trog
 36357 | Snake:3  | Noticed Vashnia
 36421 | Snake:3  | Killed Vashnia
 37419 | Snake:4  | Entered Level 4 of the Snake Pit
 38359 | Snake:4  | Received a gift from Trog
 39393 | Snake:4  | Got a serpentine rune of Zot
 39621 | Snake:4  | Received a gift from Trog
 40349 | Orc:1    | Entered Level 1 of the Orcish Mines
 40353 | Orc:1    | Reached skill level 25 in Axes
 40472 | Orc:1    | Noticed Fannar
 40483 | Orc:1    | Killed Fannar
 40504 | Orc:1    | Found Ceeroh's Food Shop.
 40833 | Orc:2    | Entered Level 2 of the Orcish Mines
 41022 | Orc:2    | Found Lyakom's Distillery.
 41022 | Orc:2    | Found Siataywo's Jewellery Shoppe.
 41023 | Orc:2    | Found Raxenish's Distillery.
 41023 | Orc:2    | Found Teumep's General Store.
 41181 | Orc:2    | Bought a potion of heal wounds for 80 gold pieces
 41182 | Orc:2    | Bought a potion of heal wounds for 80 gold pieces
 41184 | Orc:2    | Bought the amulet of the Three Runes {Gourm Str+4} for 681 gold pieces
 41209 | Orc:2    | Found a staircase to the Elven Halls.
 41665 | Orc:2    | Bought the +1 buckler of Bitterness {rC+ Regen+ Int+4} for 414 gold pieces
 41942 | Vaults:1 | Entered Level 1 of the Vaults
 42008 | Vaults:1 | Reached XP level 19. HP: 172/181 MP: 18/18
 42127 | Vaults:1 | Received a gift from Trog
 43761 | Vaults:2 | Received a gift from Trog
 44282 | Vaults:3 | Received a gift from Trog
 44515 | Vaults:3 | Reached skill level 26 in Axes
 44970 | Vaults:3 | Paralysed by an ogre mage for 5 turns
 45240 | Vaults:3 | Reached XP level 20. HP: 83/193 MP: 19/19
 45435 | Vaults:3 | Received a gift from Trog
 45712 | Vaults:3 | Found a staircase to the Crypt.
 46259 | Vaults:3 | Received a gift from Trog
 46660 | Vaults:3 | Reached skill level 15 in Shields
 47121 | Vaults:4 | Received a gift from Trog
 47645 | Vaults:4 | Reached skill level 5 in Dodging
 47904 | Vaults:4 | Reached XP level 21. HP: 162/202 MP: 20/20
 48329 | Vaults:4 | Received a gift from Trog
 48689 | D:9      | Bought a translucent chain mail for 256 gold pieces
 48689 | D:9      | Bought a pitted chain mail for 256 gold pieces
 48689 | D:9      | Identified the +8 chain mail of Shadows and Fog {MP+9 Dex+3} (You bought it in a shop on level 9 of the Dungeon)
 48690 | D:9      | Identified the +2 chain mail of Zerchag {rPois Str+7} (You bought it in a shop on level 9 of the Dungeon)
 48868 | Elf:1    | Entered Level 1 of the Elven Halls
 48890 | Elf:1    | Found a radiant altar of Vehumet.
 48922 | Elf:1    | Found Nasiobu's Antique Weapon Boutique.
 48934 | Elf:1    | Found a magical portal.
 48958 | WizLab   | Entered Zonguldrok's Shrine
 49090 | WizLab   | Reached skill level 27 in Axes
 49180 | WizLab   | Noticed an antique lich
 49184 | WizLab   | Cast into level 5 of the Abyss (an antique lich)
 49184 | Abyss:5  | Entered Level 5 of the Abyss
 49279 | Abyss:5  | Got an abyssal rune of Zot
 49313 | WizLab   | Escaped the Abyss
 49325 | WizLab   | Killed an antique lich
 49851 | Elf:1    | Received a gift from Trog
 49868 | Elf:1    | Got an encrusted hand axe {god gift}
 49870 | Elf:1    | Identified the +5 hand axe of Autumn {chop, *Drain rN+ MR+ Str+8} (Trog gifted it to you on level 1 of the Elven Halls)
 50213 | Elf:1    | Cast into level 3 of the Abyss (a deep elf sorcerer)
 50249 | Elf:1    | Escaped the Abyss
 50585 | Elf:2    | Found a runed gate.
 50585 | Elf:2    | Found a runed gate.
 50596 | Elf:2    | Found a runed gate.
 51400 | Elf:3    | Entered Level 3 of the Elven Halls
 51956 | Elf:3    | Received a gift from Trog
 52010 | Elf:3    | Found Qekusurch's Book Emporium.
 52397 | Elf:3    | Reached XP level 22. HP: 215/215 MP: 21/21
 53319 | Elf:2    | Got a ring of the Octopus King
 53320 | Elf:2    | Got an encrusted ice dragon armour
 53322 | Elf:2    | Identified a ring of the Octopus King {rF+ AC+1 EV+1 Str+1 Int+1 Dex+1} (You took it off a deep elf master archer on level 2 of the Elven Halls)
 53323 | Elf:2    | Identified the +5 ice dragon armour "Yrunoek" {rF- rC++ Dex+6} (You took it off a deep elf master archer on level 2 of the Elven Halls)
 53475 | Elf:3    | Got a steaming turquoise ring
 53477 | Elf:3    | Identified the ring of Veevoe {*Tele *Confuse rElec rN+ Slay+6} (You took it off a deep elf master archer on level 3 of the Elven Halls)
 53510 | Elf:3    | Got a pitted gossamer ring
 53511 | Elf:3    | Identified the ring "Biaqiohe" {rF+ Str+4} (You took it off a deep elf mage on level 3 of the Elven Halls)
 54385 | Elf:3    | Got a sapphire-encrusted scale mail
 54389 | Elf:3    | Got an ichor-stained shortbow
 54399 | Elf:3    | Got a pair of twisted boots
 54410 | Elf:3    | Identified the Collected Works on Spatial Weightlessness
 54422 | Elf:3    | Identified the cursed +0 pair of boots of Fun and Games {rElec rPois Dex+6 Slay-4} (You found it on level 3 of the Elven Halls)
 54423 | Elf:3    | Identified the +5 scale mail of the Harp {rF+} (You found it on level 3 of the Elven Halls)
 54424 | Elf:3    | Identified the +3 shortbow of Resourcefulness {venom, +Inv rC+ Int-3} (You found it on level 3 of the Elven Halls)
 55173 | Vaults:5 | Entered Level 5 of the Vaults
 55284 | Vaults:5 | Noticed an ancient lich
 55284 | Vaults:5 | Received a gift from Trog
 55295 | Vaults:5 | Noticed a golden dragon
 55422 | Vaults:5 | Reached skill level 10 in Dodging
 55428 | Vaults:5 | Killed a golden dragon
 55480 | Vaults:5 | Killed an ancient lich
 55623 | Vaults:5 | Noticed a golden dragon
 55637 | Vaults:5 | Killed a golden dragon
 55643 | Vaults:5 | Received a gift from Trog
 55895 | Vaults:5 | Reached XP level 23. HP: 219/227 MP: 22/22
 55940 | Vaults:5 | Cast into level 2 of the Abyss (deep elf knight)
 56044 | Abyss:1  | Found a corrupted altar of Lugonu.
 56129 | Abyss:1  | Got a scorched plate armour
 56212 | Vaults:5 | Escaped the Abyss
 56331 | Vaults:5 | Received a gift from Trog
 56344 | Vaults:5 | Got a scorched war axe {god gift}
 56500 | Vaults:4 | Identified a +1 pair of boots of running (You found it on level 2 of the Abyss)
 56510 | Vaults:4 | Identified the +0 plate armour "Poulat" {rF+ MP+9} (You found it on level 1 of the Abyss)
 56533 | Vaults:5 | Identified the +4 war axe "Woyw Hoxt" {drain, Dex+6} (Trog gifted it to you on level 5 of the Vaults)
 57006 | Vaults:5 | Identified Etrugol's Guide on Conjuration
 57305 | Vaults:5 | Identified the Papyrus of Shifting Venom
 57451 | Vaults:5 | Received a gift from Trog
 57702 | Vaults:5 | Got a silver rune of Zot
 58181 | Temple   | Identified a +6 rod of ignition (11/11) (You found it on level 5 of the Vaults)
 58815 | Depths:1 | Entered Level 1 of the Depths
 58932 | Depths:1 | Found a gateway to Hell.
 59114 | Depths:1 | Found a gateway to a ziggurat.
 59201 | Depths:1 | Found Beanow's Serpentskin Sales.
 59399 | Depths:1 | Received a gift from Trog
 59744 | Depths:2 | Reached XP level 24. HP: 134/240 MP: 18/22
 59882 | Depths:2 | Found a deep blue altar of Sif Muna.
 59993 | Depths:2 | Found a snail-covered altar of Cheibriados.
 60209 | Depths:2 | Received a gift from Trog
 60504 | Depths:2 | Found a bloodstained altar of Trog.
 60765 | Depths:2 | Found a shattered altar of Ashenzari.
 60888 | Depths:2 | Received a gift from Trog
 61410 | Slime:1  | Entered Level 1 of the Pits of Slime
 61520 | Slime:2  | Gained mutation: You expend magic power (3 MP) to strengthen your wands. [a shining eye]
 61665 | Slime:2  | Found a viscous altar of Jiyva.
 61844 | Slime:2  | Gained mutation: You are very agile. (Dex +4) [a shining eye]
 61848 | Slime:2  | Lost mutation: You regenerate slowly when monsters are visible. [a shining eye]
 61987 | Slime:2  | Gained mutation: You tend to lose your temper in combat. [a shining eye]
 62193 | Slime:3  | Gained mutation: Scrolls take you a little longer to read. [a shining eye]
 62198 | Slime:3  | Lost mutation: You are very agile. (Dex +4) [a shining eye]
 62200 | Slime:3  | Lost mutation: You are agile. (Dex +2) [a shining eye]
 62630 | Slime:3  | Received a gift from Trog
 63052 | Slime:6  | Entered Level 6 of the Pits of Slime
 63297 | Slime:5  | Gained mutation: You occasionally shout uncontrollably at your foes. [a shining eye]
 63306 | Slime:5  | Gained mutation: You are frail (-10% HP). [a shining eye]
 63328 | Slime:5  | Reached XP level 25. HP: 198/225 MP: 22/22
 63885 | Slime:6  | Received a gift from Trog
 63897 | Slime:6  | Noticed the Royal Jelly
 63972 | Slime:6  | Killed the Royal Jelly
 64561 | Slime:6  | Gained mutation: You are clumsy. (Dex -2) [a shining eye]
 64698 | Slime:6  | Got a faintly glowing great sword
 64756 | Slime:6  | Identified the Volume of Excruciating Companions (You found it on level 6 of the Pits of Slime)
 64758 | Slime:6  | Got a slimy rune of Zot
 64797 | Slime:6  | Got an encrusted hand axe
 64798 | Slime:6  | Identified the +7 hand axe of Optimality {chop, rC++ rN+ SInv} (You found it on level 6 of the Pits of Slime)
 65289 | Temple   | Identified the +6 great sword of Generosity {slice, *Drain rElec Dex+5} (You found it on level 6 of the Pits of Slime)
 65508 | Temple   | Fell from the grace of Trog
 65508 | Temple   | Became a worshipper of the Shining One
 65880 | Depths:3 | Found a one-way gate leading to the halls of Pandemonium.
 65888 | Depths:3 | Noticed Mennas
 65931 | Depths:3 | Killed Mennas
 66682 | Depths:3 | Found a runed door.
 66686 | Depths:3 | Reached * piety under the Shining One
 66784 | Depths:3 | Reached ** piety under the Shining One
 67003 | Depths:4 | Noticed a juggernaut
 67010 | Depths:4 | Paralysed by a giant eyeball for 4 turns
 67025 | Depths:4 | Reached skill level 1 in Invocations
 67029 | Depths:4 | Demolished by a juggernaut

Skill      XL: |  1  2  3  4  5  6  7  8  9 10 11 12 13 14 15 16 17 18 19 20 21 22 23 24 25 |
---------------+----------------------------------------------------------------------------+-----
Axes           | 4 6 7 8 10 12 14 16 17 19 20 22 23 24 25 26 27 | 27.0
Armour         | 3 4 5 6 7 9 10 11 13 14 15 16 17 18 19 20 21 22 23 | 23.8
Fighting       | 4 5 6 7 9 10 11 13 14 15 16 17 18 19 20 22 23 24 26 | 26.9
Shields        | 1 6 9 11 13 14 15 16 17 18 19 20 | 20.4
Dodging        | 5 8 10 12 13 14 | 14.6
Invocations    | 1 |  1.1

Action                   |  1- 3 |  4- 6 |  7- 9 | 10-12 | 13-15 | 16-18 | 19-21 | 22-24 | 25-27 || total
-------------------------+-------+-------+-------+-------+-------+-------+-------+-------+-------++-------
Melee: Hand axe          |    65 |   100 |   250 |   495 |   657 |  1175 |  1465 |   572 |   233 ||  5012
       Headbutt          |     8 |    20 |    52 |   122 |   278 |   355 |   525 |   489 |   123 ||  1972
       Executioner's axe |       |       |       |       |   346 |       |       |       |       ||   346
       Battleaxe         |       |       |       |       |    43 |       |       |       |       ||    43
       Broad axe         |       |       |       |       |     4 |     6 |       |   876 |   121 ||  1007
       Glaive            |       |       |       |       |       |    61 |       |       |       ||    61
Invok: Berserk           |     1 |     2 |     1 |     2 |     5 |     6 |       |     3 |       ||    20
       Trog's Hand       |       |     5 |     3 |     9 |     9 |    28 |    25 |    24 |     2 ||   105
       Brothers in Arms  |       |       |       |       |       |       |       |       |     2 ||     2
       Divine Shield     |       |       |       |       |       |       |       |       |     1 ||     1
Evoke: Wand              |       |       |       |       |       |     4 |     1 |       |     5 ||    10
  Use: Potion            |       |     8 |     4 |     1 |     4 |     5 |     7 |       |     6 ||    35
       Scroll            |       |     7 |     4 |    10 |    12 |    12 |    11 |    27 |     1 ||    84
 Stab: Sleeping          |     1 |     1 |       |       |       |       |       |       |       ||     2
       Confused          |       |       |       |       |       |     3 |       |       |       ||     3
       Distracted        |       |       |       |       |       |       |     2 |       |       ||     2
  Eat: Chunk             |     3 |     8 |    15 |    23 |    38 |    38 |    41 |    17 |       ||   183
       Fruit             |       |       |     2 |       |       |       |       |     7 |     3 ||    12
       Pizza             |       |       |       |       |     6 |     5 |       |     2 |       ||    13
       Beef jerky        |       |       |       |       |       |     4 |       |     1 |       ||     5
       Meat ration       |       |       |       |       |       |     4 |       |     2 |     2 ||     8
       Bread ration      |       |       |       |       |       |     1 |       |       |       ||     1
Armor: Animal skin       |     8 |     5 |       |       |       |       |       |       |       ||    13
       Ring mail         |       |    15 |    15 |       |       |       |       |       |       ||    30
       Plate armour      |       |       |    99 |   265 |   574 |   939 |   449 |   161 |       ||  2487
       Chain mail        |       |       |       |       |       |       |   192 |   100 |       ||   292
       Gold dragon armou |       |       |       |       |       |       |       |   332 |   183 ||   515
Dodge: Dodged            |    56 |    58 |    86 |   139 |   328 |   351 |   412 |   681 |   183 ||  2294
Block: Shield            |       |       |       |       |   150 |   724 |       |       |       ||   874
       Buckler           |       |       |       |       |       |     1 |   400 |   503 |   139 ||  1043
